 Dungeon Crawl Stone Soup version 0.14.1-27-g0f46f74 (webtiles) character file.

700 Eradicator the Charlatan (level 7, -4/64 HPs)
             Began as a Deep Dwarf Artificer on Aug 7, 2014.
             Was a Follower of Zin.
             Killed by a distortion unwield (21 damage)
             ... on Level 5 of the Dungeon.
             The game lasted 00:37:59 (3040 turns).

Eradicator the Charlatan (Deep Dwarf Artificer)     Turns: 3040, Time: 00:37:59

HP  -4/64        AC  7     Str 17      XL: 7   Next:  8%
MP  17/17        EV  8     Int 13      God: Zin [*.....]
Gold 148         SH  0     Dex 16      Spells:  0 memorised,  6 levels left

rFire  . . .     SeeInvis +     (no weapon)
rCold  . . .     Clarity  .     A - +0 scale mail
rNeg   . . .     Conserve .     (no shield)
rPois  .         rCorr    .     (no helmet)
rElec  .         rRot     .     D - -1 cloak of Kum Vali {Str+2 Dex+2 Curse}
SustAb . .       Spirit   .     q - +0 pair of gloves
rMut   .         Warding  .     (no boots)
Saprov . . .     Stasis   .     (no amulet)
MR     +....                    (no ring)
                                h - ring of see invisible

@: non-regenerating, somewhat resistant to hostile enchantments, extremely
unstealthy
A: damage resistance, recharge devices, high mp 1, sense surroundings 1, slow
healing 3
a: Device Recharging, Recite, Renounce Religion


You were on level 5 of the Dungeon.
You worshipped Zin.
Zin was aware of your devotion.
You were hungry.

You visited 1 branch of the dungeon, and saw 5 of its levels.

You collected 164 gold pieces.
You donated 16 gold pieces.

Inventory:

Hand weapons
 e - the cursed -2,+1 hand axe "Vaaskeott" {elec, Int+2, unknown}
   (You found it on level 5 of the Dungeon)

   Occasionally, upon striking a foe, it will discharge some electrical energy
   and cause terrible harm.
   It affects your intelligence (+2).
   It has a curse placed upon it.
 l - a +1,+0 hand axe
 t - a +3,-1 mace of distortion
Armour
 q - a +0 pair of gloves (worn)
 A - a +0 scale mail (worn)
 D - the -1 cloak of Kum Vali (worn) {Str+2 Dex+2 Curse}
   (You found it on level 5 of the Dungeon)

   It affects your strength (+2).
   It affects your dexterity (+2).
   It may recurse itself when equipped.
Magical devices
 b - a wand of flame (11)
 c - a wand of enslavement (14)
 d - a wand of random effects (15)
 f - a wand of heal wounds (2)
 C - a wand of lightning (1)
Comestibles
 a - a chunk of rat flesh
 g - 3 bread rations
 m - 2 meat rations
Scrolls
 k - a scroll of identify
 p - a scroll of fear
 r - a scroll of fog {unknown}
 x - a scroll of immolation
 y - a scroll of remove curse
 z - a scroll of teleportation {unknown}
 B - a scroll of amnesia {unknown}
Jewellery
 h - a ring of see invisible (left hand)
Potions
 i - 2 potions of agility
 n - a potion of restore abilities
 o - a potion of invisibility
 v - 2 potions of resistance
 w - 3 potions of curing
Books
 u - Jessica's Handbook of Curses
   (You found it on level 3 of the Dungeon)

   Spells                             Type                      Level
   Ensorcelled Hibernation            Hexes/Ice                    2


   Skills:
 * Level 4.2 Fighting
   Level 0.8 Short Blades
 * Level 0.4 Maces & Flails
 + Level 4.2 Dodging
 - Level 1.2 Stealth
 + Level 7.8 Evocations


You had 6 spell levels left.
You didn't know any spells.

Dungeon Overview and Level Annotations

Branches:
Dungeon (5/15)
 Temple: D:4-7

Altars:
Okawaru
Zin


Innate Abilities, Weirdness & Mutations

You are resistant to damage.
You can recharge devices by infusing magical energy.
You passively map a small area around you.
You do not heal naturally.
You have an increased reservoir of magic (+10% MP).


Message History

You see here a scorpion corpse.
You hit the giant mite.
Space bends around the giant mite.
You kill the giant mite!
You see here a giant mite corpse.
You offer a prayer to Zin.
Zin is aware of your devotion.
You see here a giant mite corpse.
You see here a rotting giant mite corpse.
Found an ichor-stained hand axe.
Found an escape hatch in the ceiling.
You see here an ichor-stained hand axe.
e - an ichor-stained hand axe Wear which item? (? for menu, Esc to quit)
Okay, then.
Wield which item (- for none, * to show all)? (? for menu, Esc to quit)
Really unwield
t - a +3,-1 mace of distortion? [Y]es or [N]o only, please.
Really unwield
t - a +3,-1 mace of distortion?
Space warps crazily around you!
You die...

.......###.....###...............
........#.......#................
.................................
.................................
.................................
................................,
...............................
..)......................... ,
................@........ ,
.........................
........................,
........................
........................ ,
....................... ,
...................... ........
,....<...... .......,, .....


There were no monsters in sight!

Vanquished Creatures
  A necrophage (D:5)
  A sky beast (D:5)
  A phantom (D:5)
  A scorpion (D:5)
  A hound (D:4)
  A jelly (D:5)
  A worker ant (D:3)
  Jessica (D:3)
  4 adders
  2 giant mites (D:5)
  A worm (D:5)
  An ooze (D:2)
  6 orcs
  7 bats
  6 hobgoblins
  5 jackals
  A quokka (D:3)
  A ball python (D:3)
  2 giant cockroaches
  2 giant newts (D:1)
  5 goblins
  6 kobolds
  A kobold zombie (D:5)
  9 rats
67 creatures vanquished.

Vanquished Creatures (collateral kills)
  A ball python (D:3)
1 creature vanquished.

Vanquished Creatures (others)
  A giant mite (D:5)
  An orc (D:3)
  A kobold (D:5)
3 creatures vanquished.

Grand Total: 71 creatures vanquished

Notes
Turn   | Place    | Note
--------------------------------------------------------------
     0 | D:1      | Eradicator, the Deep Dwarf Artificer, began the quest for the Orb.
     0 | D:1      | Reached XP level 1. HP: 16/16 MP: 1/1
   174 | D:1      | Reached skill level 1 in Fighting
   250 | D:1      | Reached XP level 2. HP: 19/25 MP: 3/3
  1347 | D:2      | Reached XP level 3. HP: 3/32 MP: 5/5
  1372 | D:2      | Reached skill level 5 in Evocations
  1827 | D:3      | Noticed Jessica
  1840 | D:3      | Identified Jessica's Handbook of Curses
  1864 | D:3      | Killed Jessica
  1864 | D:3      | Reached XP level 4. HP: 19/39 MP: 7/7
  2021 | D:3      | Found a glowing silver altar of Zin.
  2032 | D:3      | Became a worshipper of Zin the Law-Giver
  2089 | D:3      | Gained mutation: You have an increased reservoir of magic (+10% MP). [potion of beneficial mutation]
  2512 | D:4      | Reached skill level 6 in Evocations
  2512 | D:4      | Reached XP level 5. HP: 8/48 MP: 9/11
  2594 | D:4      | HP: 1/48 [scorpion (6)]
  2659 | D:4      | You fall through a shaft!
  2659 | D:5      | Entered Level 5 of the Dungeon
  2689 | D:5      | Noticed a sky beast
  2709 | D:5      | Killed a sky beast
  2726 | D:5      | Reached XP level 6. HP: 21/56 MP: 13/13
  2732 | D:5      | Found an iron altar of Okawaru.
  2750 | D:5      | Acquired Zin's first power
  2751 | D:5      | Noticed a phantom
  2759 | D:5      | Killed a phantom
  2759 | D:5      | Reached skill level 7 in Evocations
  2904 | D:5      | Got a twisted cloak
  2908 | D:5      | Identified the cursed -1 cloak of Kum Vali {Str+2 Dex+2 Curse} (You found it on level 5 of the Dungeon)
  2964 | D:5      | Noticed a necrophage
  2970 | D:5      | Killed a necrophage
  2985 | D:5      | Reached XP level 7. HP: 17/64 MP: 17/17
  3039 | D:5      | Got an ichor-stained hand axe
  3040 | D:5      | Killed by a distortion unwield

Action                   |  1- 3 |  4- 6 |  7- 9 || total
-------------------------+-------+-------+-------++-------
Melee: Short sword       |    22 |       |       ||    22
       Hand axe          |   124 |       |       ||   124
       Mace              |    15 |    97 |     1 ||   113
Evoke: Wand              |     7 |     4 |       ||    11
  Use: Scroll            |     5 |     4 |       ||     9
       Potion            |       |     2 |       ||     2
 Stab: Sleeping          |     1 |     1 |       ||     2
